 Dungeon Crawl Stone Soup version 0.25-a0-364-ge76b031 (webtiles) character file.

Game seed: 15228786578015176776, levelgen mode: deterministic

103 Birdy the Chopper (level 4, 0/35 HPs)
             Began as a Barachi Gladiator on Jan 4, 2020.
             Succumbed to an adder's poison
             ... on level 2 of the Dungeon.
             The game lasted 00:02:19 (1350 turns).

Birdy the Chopper (Barachi Gladiator)               Turns: 1350, Time: 00:02:20

Health: 0/35       AC:  6    Str: 15    XL:     4   Next: 79%
Magic:  4/4        EV: 12    Int:  9    God:
Gold:   62         SH:  0    Dex: 14    Spells: 3/3 levels left

rFire    . . .     SeeInvis .   a - +0 war axe
rCold    . . .     Gourm    .   (no shield)
rNeg     . . .     Faith    .   k - +0 ring mail
rPois    .         Spirit   .   c - +0 helmet
rElec    .         Reflect  .   (no cloak)
rCorr    .         Harm     .   (no gloves)
MR       .....                  (no boots)
Stlth    ++........             (no amulet)
HPRegen  0.11/turn              j - ring of stealth
MPRegen  0.09/turn              (no ring)

@: lethally poisoned (0 -> -2), hasted, quick
A: +LOS, swims, slowness 1, strong legs 1
a: Hop


You were on level 2 of the Dungeon.
You were very hungry.

You visited 1 branch of the dungeon, and saw 2 of its levels.

You collected 62 gold pieces.

Inventory:

Hand Weapons
 a - a +0 war axe (weapon)
Missiles
 d - 3 throwing nets (quivered)
Armour
 c - a +0 helmet (worn)
 k - a +0 ring mail (worn)
Jewellery
 j - a ring of stealth (left hand)
Potions
 b - a potion of brilliance
Comestibles
 f - 3 rations


   Skills:
 + Level 3.3 Fighting
 + Level 4.0 Axes
 - Level 2.0 Throwing
 + Level 2.1 Armour
 + Level 3.9 Dodging
 + Level 1.5 Stealth


You had 3 spell levels left.
You didn't know any spells.
Your spell library was empty.

Dungeon Overview and Level Annotations

Branches:
Dungeon (2/15)

Altars:


Innate Abilities, Weirdness & Mutations

You can be seen from farther away. (+LOS)
You can swim through water.
You cover ground slowly.
You can hop short distances.


Message History

It was a potion of flight.
You feel very buoyant.
You fly up into the air.
You feel sick. The adder bites you but does no damage.
The adder barely misses you. The worm bites you.
* * * LOW HITPOINT WARNING * * *
It was a potion of cancellation.
Your magical effects are unravelling.
You feel magically purged.
You float gracefully downwards.
The adder bites you.
* * * LOW HITPOINT WARNING * * *
It was a potion of haste.
You feel yourself speed up. The adder closely misses you.
The worm closely misses you.
You aren't carrying any scrolls.
Unknown command.
* * * LOW HITPOINT WARNING * * *
You feel sick.
The adder bites you but does no damage. x2
A rat and a worm come into view.
Found a stone staircase leading up.
There is a stone staircase leading up here.
A kobold comes into view. It is wielding a +0 dagger.
You die...

* **,,,.####.#.## #.#
******,*,........#######.#
,,,,,*,****#..........##.###
****,*,* #...........).[.# *
*,*,* #.###w####.#.##.# *,*,*
*,* #.# #.#.##.# ** *,*,* *,*
#S# #.#.##.#
,***,*,*####.###<# #^#.##.#
,,,,,,,,<.....r.@# #.#.##.#
,,,,,***###.w.##.#**#.#.##.##
****** #..,,...,,#.#.....# ,*
#.,,........####..# ,*
#,,.......#.......# ,*
*,.......###.####.# ,*
*##.......*,** #.# ,****
*#........** #.#
,**,********...K....#* ##.#


You could see 2 worms, an adder, a kobold (sleeping) and a rat (sleeping).

Vanquished Creatures
  Jessica (D:2)
  3 adders (D:2)
  An ooze (D:1)
  A leopard gecko (D:1)
  2 giant cockroaches (D:1)
  7 goblins
  10 hobgoblins
  3 jackals (D:1)
  2 bats (D:1)
  2 frilled lizards (D:1)
  3 kobolds
  7 rats
42 creatures vanquished.

Notes
Turn   | Place    | Note
-------+----------+-------------------------------------------
     0 | D:1      | Birdy the Barachi Gladiator began the quest for the Orb.
     0 | D:1      | Reached XP level 1. HP: 17/17 MP: 1/1
   100 | D:1      | Reached XP level 2. HP: 21/23 MP: 2/2
   160 | D:1      | Reached skill level 1 in Armour
   323 | D:1      | Reached XP level 3. HP: 14/28 MP: 3/3
   508 | D:1      | Reached skill level 1 in Stealth
  1193 | D:2      | Reached XP level 4. HP: 32/35 MP: 4/4
  1278 | D:2      | Noticed Jessica
  1284 | D:2      | Killed Jessica
  1324 | D:2      | Reached skill level 4 in Axes
  1346 | D:2      | HP: 1/35 [poisoned by an adder]
  1350 | D:2      | Succumbed to an adder's poison

Levels and vault maps discovered:
D:1:      ncdulo_watergridlock, layout_loops_ring, minmay_hexomino_p4
D:2:      layout_loops_ring, uniq_natasha, uniq_jessica

Skill      XL: |  1  2  3  4 |
---------------+-------------+-----
Armour         | 1 2 |  2.1
Stealth        | 1 |  1.5
Fighting       | 3 |  3.3
Axes           | 4 |  4.0
Throwing       | |  2.0
Dodging        | |  3.9

Action                   |  1- 3 |  4- 6 || total
-------------------------+-------+-------++-------
Melee: War axe           |    92 |    36 ||   128
  Use: Scroll            |     4 |     2 ||     6
       Potion            |       |     3 ||     3
  Eat: Chunk             |     1 |       ||     1
Armor: Leather armour    |    17 |       ||    17
       Ring mail         |     4 |    15 ||    19
Dodge: Dodged            |    91 |    32 ||   123

Table legend:
 A = Non-vault XP
 B = Vault XP
 C = Vault XP percentage of total XP
 D = Non-vault monster count
 E = Vault monster count
 F = Vault count percentage of total count
                 A         B        C        D         E       F
            +---------+---------+-------+---------+---------+-------
      Total |     106 |      42 |  28.4 |      38 |       4 |   9.5
            +---------+---------+-------+---------+---------+-------
        D:1 |      50 |       5 |   9.1 |      26 |       3 |  10.3
        D:2 |      56 |      37 |  39.8 |      12 |       1 |   7.7
            +---------+---------+-------+---------+---------+-------
